 Dungeon Crawl Stone Soup version 0.28-a0-751-gef3a642a4e (webtiles) character file.

Game seed: 9950619582238895854

61 jasper the Skirmisher (level 3, 0/30 HPs)
             Began as a Demonspawn Cinder Acolyte on Oct 30, 2021.
             Was a Priest of Ignis.
             Succumbed to an adder's poison
             ... on level 2 of the Dungeon.
             The game lasted 00:03:06 (1839 turns).

jasper the Skirmisher (Demonspawn Cinder Acolyte)   Turns: 1839, Time: 00:03:07

Health: 0/30       AC:  6    Str: 15    XL:     3   Next: 83%
Magic:  4/4        EV:  8    Int: 15    God:    Ignis [***...]
Gold:   16         SH:  7    Dex:  8    Spells: 4/4 levels left

rFire   + . .      SeeInvis .   a - -1 short sword (flame)
rCold   . . .      Faith    .   d - +0 kite shield {reflect}
rNeg    . . .      Spirit   .   e - +0 leather armour
rPois   .          Reflect  +   i - +0 helmet
rElec   .          Harm     .   (no cloak)
rCorr   .          Rampage  .   (no gloves)
Will    .....                   (no boots)
Stlth   +.........              (no amulet)
HPRegen 0.10/turn               (no ring)
MPRegen 0.09/turn               (no ring)

@: lethally poisoned (0 -> -1)
A: yellow scales 1
a: Renounce Religion, Sea of Fire, Foxfire Swarm, Rising Flame


You were on level 2 of the Dungeon.
You worshipped Ignis.
Ignis was most pleased with you.
You visited 1 branch of the dungeon, and saw 2 of its levels.

You collected 36 gold pieces.
You spent 20 gold pieces at shops.

Inventory:

Hand Weapons
 a - a -1 short sword of flaming (weapon)
Missiles
 g - 7 stones (quivered)
 j - 22 poisoned darts
Armour
 b - a +0 robe
 d - a +0 kite shield of reflection (worn)
 e - a +0 leather armour (worn)
 i - a +0 helmet (worn)
Jewellery
 f - a ring of fire
Scrolls
 c - 2 scrolls of identify
Potions
 h - a potion of cancellation


   Skills:
 + Level 4.0 Fighting
 - Level 2.6 Short Blades
 + Level 2.1 Shields
 - Level 1.0 Spellcasting
 - Level 2.6 Fire Magic


You had 4 spell levels left.
You didn't know any spells.
Your spell library contained the following spells:

 Spells                   Type           Power      Damage    Failure   Level
 Scorch                   Fire           16%        2d5       63%         2


Dungeon Overview and Level Annotations

Branches:
Dungeon (2/15)

Altars:

Shops:
D:1 *=!?(


Innate Abilities, Weirdness & Mutations

You are partially covered in yellow scales. (AC +2)


Message History

An adder comes into view.
The adder hisses angrily.
You see here 22 poisoned darts.
j - 22 poisoned darts The adder bites you but does no damage.
You miss the adder. The adder bites you but does no damage.
You barely miss the adder. You block the adder's attack. x2
You closely miss the adder. The adder bites you but does no damage.
You block the adder's attack.
You hit the adder but do no damage. The adder bites you.
You are poisoned.
The adder poisons you!
You take 1 damage, and have 13/30 hp.
You hit the adder. You burn the adder.
The adder is moderately wounded.
You feel sick. The adder bites you but does no damage. The adder bites you.
* * * LOW HITPOINT WARNING * * *
You take 6 damage, and have 7/30 hp.
You closely miss the adder.
The adder is moderately wounded.
You feel sick.
The adder bites you but does no damage. x2
You take 1 damage, and have 6/30 hp.
Flames leap up around you!
You feel sick. The adder bites you.
* * * LOW HITPOINT WARNING * * *
You take 3 damage, and have 3/30 hp.
You hit the adder. You burn the adder.
The adder is heavily wounded.
* * * LOW HITPOINT WARNING * * *
You feel sick.
The foxfire hits the adder.
The adder is heavily wounded.
The foxfire hits the adder.
The adder is severely wounded.
The foxfire hits the adder.
You kill the adder!
Your Fighting skill increases to level 4!
You take 2 damage, and have 1/30 hp.
Okay, then.
Okay, then.
There is a lethal amount of poison in your body!
You die...

.. .. .. ... .# ...#
.##v..# ######.#§v...
##..§§§§§§§v##
##.§§§§v§§§§§.#
#..v§vv@§§§§...
#.v§vv§§v§v§v..
#..v)§§§§v§§v..
#..§§v§§v§§v...
#########).§..v........
##.....##.)))..........#
#........?............##
....>.....).....#######
<..†......?.....#


There were no monsters in sight!

Vanquished Creatures
  Robin (D:2)
  An adder (D:2)
  3 endoplasms
  A giant cockroach (D:1)
  10 goblins
  7 hobgoblins
  A quokka (D:1)
  4 ball pythons (D:1)
  4 bats
  A frilled lizard (D:1)
  3 kobolds (D:1)
  3 rats (D:1)
39 creatures vanquished.

Vanquished Creatures (others)
  35 foxfires (D:2)
35 creatures vanquished.

Grand Total: 74 creatures vanquished

Notes
Turn   | Place    | Note
-------+----------+-------------------------------------------
     0 | D:1      | jasper the Demonspawn Cinder Acolyte began the quest for
                  | the Orb.
     0 | D:1      | Reached XP level 1. HP: 18/18 MP: 2/2
   515 | D:1      | Found Kybif's Magic Scroll Shop.
   525 | D:1      | Reached skill level 1 in Shields
   525 | D:1      | Gained mutation: You are partially covered in yellow
                  | scales. (AC +2) [demonic ancestry]
   525 | D:1      | Reached XP level 2. HP: 24/24 MP: 3/3
   530 | D:1      | Found Otiugeeh's Jewellery Shop.
   578 | D:1      | Found Igiuleobb's Assorted Antiques.
   589 | D:1      | Bought a scroll labelled ATIREI SO LENI for 20 gold pieces
   606 | D:1      | Found Fecud's Distillery.
   623 | D:1      | Found Texamas's Weapon Boutique.
  1800 | D:2      | Noticed Robin
  1805 | D:2      | Reached XP level 3. HP: 29/29 MP: 4/4
  1816 | D:2      | Killed Robin
  1838 | D:2      | HP: 1/30 [poisoned by an adder]
  1839 | D:2      | Reached skill level 4 in Fighting
  1839 | D:2      | Succumbed to an adder's poison

Illustrated notes

Levels and vault maps discovered:
D:1:      roderic_octagonal_star, layout_basic, serial_shops, shop, shop,
          nicolae_shop_crystal, shop, shop_statue
D:2:      layout_rooms, uniq_robin, uniq_jessica

Skill      XL: |  1  2  3 |
---------------+----------+-----
Shields        | 1 2 |  2.1
Fighting       | 4 |  4.0
Short Blades   | |  2.6
Spellcasting   | |  1.0
Fire Magic     | |  2.6

Action                   || total
-------------------------++-------
Melee: Short sword       ||    96
Invok: Foxfire Swarm     ||     3
       Rising Flame      ||     1
  Use: Scroll            ||     2
Armor: Leather armour    ||    45
       Robe              ||     3
Dodge: Dodged            ||    38
Block: Kite shield       ||    39

Table legend: (Time is in decaauts)
 A = Elapsed time spent in this place.
 B = Non-inter-level travel time spent in this place.
 C = Inter-level travel time spent in this place.
 D = Time resting spent in this place.
 E = Time spent auto-exploring this place.
 F = Levels seen in this place.
 G = Mean time per level.
                   A        B        C        D        E       F      G
               +--------+--------+--------+--------+--------+-----+--------+
         Total |   1864 |   1858 |      6 |    558 |    972 |   2 |  932.0 |
       Dungeon |   1864 |   1858 |      6 |    558 |    972 |   2 |  932.0 |
               +--------+--------+--------+--------+--------+-----+--------+

Top non-repeatable levels by time:
     D:1: 1792 daAuts
     D:2: 71 daAuts
